AoeStats
← Placebo33

Glade

510535502Analyzed
1v1 RM · 2d ago on Oct 1, 2026· 22m 11s· 2 players
Game mode
Random Map
Map size
Tiny (2 player)
Population
200
Speed
Normal
Resources
Standard
Victory
Conquest
Starting age
Dark Age
Ending age
Imperial Age
RankedLock teamsTeams togetherTeam positionsShared explorationLock speedFull tech treeHidden civsTurbo modeCheats
Victory
Defeat
770
+37
🇫🇷 Franks · France
769
-16
Placebo33
12:18 Feudal Age
13:43 Wheelbarrow
14:11 Double-Bit Axe
15:51 Loom
16:06 Gold Mining
20:46 Castle Age
20:39 Scale Mail Armor
21:31 Pikeman
一切反动派的是纸老虎
10:29 Feudal Age
11:32 Double-Bit Axe
14:14 Castle Age
13:28 Gold Mining
15:07 Scale Barding Armor
15:44 Forging
Connection lost

Rejoining the realm…

Still unreachable

The connection could not be restored.

Session expired

The server has moved on; the page needs a fresh start.